 Dungeon Crawl Stone Soup version 0.31-a0-876-gfe8ebadbca (webtiles) character file.

Game seed: 1363020071632389647

46 Xavori the Cutter (level 3, 0/16 (20) HPs)
             Began as an Octopode Chaos Knight on Oct 13, 2023.
             Was a Plaything of Xom.
             Slain by a ball python (3 damage)
             ... on level 2 of the Dungeon.
             The game lasted 00:01:03 (4285 turns).

Xavori the Cutter (Octopode Chaos Knight)           Turns: 4285, Time: 00:01:04

HP:   0/16 (20)     AC:  1    Str: 15    XL:     3   Next: 66%
MP:   3/3           EV: 13    Int: 13    God:    Xom [....*.]
Gold: 59            SH:  0    Dex: 10    Spells: 2/2 levels left

rFire   . . .        a - +0 short sword (chaos)
rCold   . . .        (no shield)
rNeg    . . .        (helmet currently unavailable)
rPois   .            (no amulet)
rElec   .            (no ring)
rCorr   .            (no ring)
SInv    .            (no ring)
Will    .....        (no ring)
Stlth   ++           (no ring)
HPRegen 0.22/turn    (no ring)
MPRegen 0.08/turn    (no ring)
                     (no ring)

%: random rage (3%)
@: beast-form, heavily drained
A: beast (slay +0), almost no armour, amphibious, 8 rings, camouflage 1,
gelatinous body 1, (nimble swimmer 1), tentacles, berserk 1, clumsy 1, frail 2,
strong 1
a: Begin Untransformation, Renounce Religion


You were on level 2 of the Dungeon.
You worshipped Xom.
You were a beloved toy of Xom.
You were a hulking beast.
You visited 1 branch of the dungeon, and saw 2 of its levels.

You collected 59 gold pieces.

Inventory:

Hand Weapons
 a - a +0 short sword of chaos (weapon)
Jewellery
 i - an amulet of regeneration
Talismans
 j - a beast talisman (active)
Scrolls
 b - a scroll of butterflies
 f - a scroll of silence {unknown}
 g - a scroll of summoning {unknown}
 h - a scroll of acquirement {unknown}
Potions
 c - 2 potions of enlightenment {unknown}
 d - a potion of berserk rage {unknown}
 e - a potion of resistance {unknown}


   Skills:
 + Level 3.4 Fighting
 + Level 3.9 Short Blades
 + Level 2.7 Dodging
 + Level 0.3 Stealth


You had 2 spell levels left.
You didn't know any spells.
Your spell library contained the following spells:

 Spells                   Type           Power      Damage    Failure   Level
 Apportation              Tloc           0%         N/A       30%         1
 Necrotise                Necr           0%         1d4       30%         1
 Sandblast                Erth           0%         2d4       30%         1
 Summon Small Mammal      Summ           0%         N/A       30%         1
 Passwall                 Tmut/Erth      0%         N/A       43%         2
 Stone Arrow              Conj/Erth      0%         3d7       67%         3
 Brom's Barrelling Bould  Conj/Erth      0%         2d3       97%         4


Dungeon Overview and Level Annotations

Branches:
Dungeon (2/15)

Altars:


Innate Abilities, Weirdness & Mutations

You are a hulking beast.
Your limbs bulge with bestial killing power. (Slay +0)
You cannot wear most types of armour.
You are amphibious.
You can wear up to eight rings at the same time.
Your skin changes colour to match your surroundings (Stealth+).
Your rubbery body absorbs attacks. (AC +1, EV +1)
((You are camouflaged when in or above water. (Stealth+)))
You have tentacles for arms and can constrict up to eight enemies at once.
You sometimes lose your temper in combat.
You are clumsy. (Dex -2)
You are very frail. (-20% HP)
Your muscles are strong. (Str +4, Int/Dex -1)


Message History

Your trail of clouds dissipates.
You start waiting.
Done waiting.
You start waiting.
Done waiting.
You start waiting. "You need some minor improvements, mortal!"
Your body is suffused with distortional energy.
You feel frail.
You feel stronger.
You start waiting.
Done waiting.
You start waiting.
Done waiting.
Xom's power brushes against you for a moment.
Your body is suffused with distortional energy.
You feel frail.
You feel a little pissed off.
You feel clumsy.
You start waiting. "Where it stops, nobody knows!"
Your surroundings suddenly seem different.
Your surroundings suddenly seem different.
Your surroundings suddenly seem different.
You are now a beloved toy of Xom.
Unknown command.
Unknown command.
Unknown command.
What level of the Dungeon? (default 2, ? - help)
There is an open door here.
There is a stone staircase leading down here.
You see here a +0 whip.
You climb downwards.
There is a stone staircase leading up here.
There are monsters nearby!
The ball python hisses angrily.
The ball python bites you. The ball python closely misses you.
The worm bites you!
Ouch! That really hurt!
* * * LOW HITPOINT WARNING * * *
The ball python bites you.
You die...
Xom yawns loudly!

. ....######
......Sh.#
......w..#
...........
###......###
......#..
.....#. ..#
.#r#### #.#
.. ..


You could see a worm, a ball python and a rat.

Vanquished Creatures
  A gnoll (D:1)
  A worm (D:2)
  A dart slug (D:1)
  3 endoplasms (D:1)
  2 giant cockroaches (D:1)
  5 goblins
  A hobgoblin (D:2)
  2 jackals (D:1)
  2 quokkas (D:1)
  2 ball pythons (D:1)
  4 bats (D:1)
  2 frilled lizards (D:1)
  2 kobolds
  2 rats (D:1)
30 creatures vanquished.

Notes
Turn   | Place    | Note
-------+----------+-------------------------------------------
     0 | D:1      | Xavori the Octopode Chaos Knight began the quest for the
                  | Orb.
     0 | D:1      | Reached XP level 1. HP: 16/16 MP: 1/1
    49 | D:1      | XOM: silly message
   124 | D:1      | Reached XP level 2. HP: 7/21 MP: 2/2
   158 | D:1      | XOM: divination: detect creatures
   196 | D:1      | XOM: silly message
   381 | D:1      | XOM: noise
   386 | D:1      | XOM: enchant monster (bad)
   397 | D:1      | Reached XP level 3. HP: 22/26 MP: 3/3
   774 | D:1      | XOM: summons 2 hostile demons
  1011 | D:1      | XOM: summons 1 hostile demon
  2770 | D:1      | XOM: cloud trail
  3193 | D:1      | XOM: draining
  3463 | D:1      | XOM is BORED!
  3463 | D:1      | XOM: torment (12/22 hp)
  3707 | D:1      | XOM: cloud trail
  4051 | D:1      | XOM: give mutations
  4051 | D:1      | Gained mutation: You are frail. (-10% HP) [Xom's mischief]
  4051 | D:1      | Gained mutation: Your muscles are strong. (Str +4, Int/Dex
                  | -1) [Xom's mischief]
  4251 | D:1      | XOM: give mutations
  4251 | D:1      | Gained mutation: You are very frail. (-20% HP) [Xom's
                  | mischief]
  4251 | D:1      | Gained mutation: You sometimes lose your temper in combat.
                  | [Xom's mischief]
  4251 | D:1      | Gained mutation: You are clumsy. (Dex -2) [Xom's mischief]
  4265 | D:1      | XOM: 3-stop teleportation journey
  4285 | D:2      | Slain by a ball python

Illustrated notes

Levels and vault maps discovered:
D:1:      amcnicky_arrival_blooded_trapdoor, layout_basic
D:2:      layout_rooms, uniq_terence

Action                     || total
---------------------------++-------
  Melee: Short sword       ||    67
         Tentacles         ||    16
         Constrict         ||    19
         Punch             ||     2
   Stab: Sleeping          ||     1
 Armour: Skin              ||    29
  Dodge: Dodged            ||    38
   Form: Beast             ||     1

Table legend: (Time is in decaauts)
 A = Elapsed time spent in this place.
 B = Non-inter-level travel time spent in this place.
 C = Inter-level travel time spent in this place.
 D = Time resting spent in this place.
 E = Time spent auto-exploring this place.
 F = Levels seen in this place.
 G = Mean time per level.
                   A        B        C        D        E       F      G
               +--------+--------+--------+--------+--------+-----+--------+
         Total |   4273 |   4214 |     59 |   3396 |    623 |   2 | 2136.5 |
       Dungeon |   4273 |   4214 |     59 |   3396 |    623 |   2 | 2136.5 |
               +--------+--------+--------+--------+--------+-----+--------+

Top non-repeatable levels by time:
     D:1: 4101 daAuts
     D:2: 171 daAuts
